[Event "Late-Titled-Tuesday-Blitz-April-16-2024"]
[Site "Chess.com"]
[Date "2024.04.16"]
[Round "3"]
[White "AlexPapasimakopoulos"]
[Black "Durarbayli"]
[Result "0-1"]
[WhiteElo "2638"]
[BlackElo "2885"]
[TimeControl "180+1"]
[EndTime "14:27:43 PDT"]
[Termination "Durarbayli won by checkmate"]

1. d4 Nf6 2. c4 e6 3. Nc3 Bb4 4. Qc2 c5 5. dxc5 Na6 6. a3 Bxc3+ 7. Qxc3 Nxc5 8. f3 a5 9. e4 d6 10. Be3 a4 11. e5 Nfd7 12. exd6 O-O 13. Rd1 Ra6 14. Nh3 Rc6 15. Be2 b6 16. O-O Nb7 17. Qb4 Ndc5 18. f4 Rxd6 19. Rxd6 Qxd6 20. Rd1 Qc7 21. Ng5 Nd6 22. Bxc5 bxc5 23. Qxa4 Nf5 24. g3 Nd4 25. Bf1 h6 26. Ne4 Bb7 27. Bg2 Ra8 28. Nxc5 Rxa4 29. Nxa4 Ne2+ 30. Kf2 Bxg2 31. Kxg2 Qxc4 32. Rd2 Nxf4+ 33. gxf4 Qxa4 34. Kf3 f5 35. Re2 Kf7 36. Re3 g5 37. fxg5 hxg5 38. b4 g4+ 39.
Kf4 Kf6 40. Rc3 Qd1 41. Kg3 Qe1+ 42. Kf4 e5# 0-1

[Event "Late-Titled-Tuesday-Blitz-April-16-2024"]
[Site "Chess.com"]
[Date "2024.04.16"]
[Round "3"]
[White "alexrustemov"]
[Black "CrushingKings"]
[Result "1-0"]
[WhiteElo "2857"]
[BlackElo "2595"]
[TimeControl "180+1"]
[EndTime "14:27:43 PDT"]
[Termination "alexrustemov won on time"]

1. d4 g6 2. c4 Bg7 3. Nf3 Nf6 4. g3 O-O 5. Bg2 d6 6. Nc3 Nbd7 7. O-O c5 8. d5 Rb8 9. e4 a6 10. a4 b6 11. h3 Ne8 12. Bf4 Nc7 13. Qc2 b5 14.
Nd2 Ne5 15. b3 b4 16. Ne2 e6 17. Rae1 exd5 18. exd5 Bf5 19. Ne4 Qd7 20. Kh2 Rbe8 21. Ng1 h6 22. Re2 g5 23. Bc1 Bg6 24. g4 f5 25.
gxf5 Bxf5 26. f4 gxf4 27. Bxf4 Ng6 28. Bg3 h5 29. Nf3 Qd8 30. h4 Ne5 31. Nfg5 Ng4+ 32. Kh1 Bd4 33. Qd2 Bg6 34. Nxd6 Rxf1+ 35. Bxf1 Ne3 36. Bh3 Re7 37. Ne6 Nxe6 38. Bxe6+ 1-0

[Event "Late-Titled-Tuesday-Blitz-April-16-2024"]
[Site "Chess.com"]
[Date "2024.04.16"]
[Round "3"]
[White "DeArron_Fox"]
[Black "northridgehawk"]
[Result "1-0"]
[WhiteElo "2564"]
[BlackElo "2334"]
[TimeControl "180+1"]
[EndTime "14:27:44 PDT"]
[Termination "DeArron_Fox won by checkmate"]

1. d4 Nf6 2. c4 g6 3. Nc3 d5 4. cxd5 Nxd5 5. e4 Nxc3 6. bxc3 Bg7 7. Be3 O-O 8. Qd2 c5 9. Nf3 Bg4 10. Be2 cxd4 11. cxd4 Nc6 12. Rd1 e5 13. d5 Bxf3 14. Bxf3 Nd4 15. Bxd4 exd4 16. O-O Rc8 17. g3 Rc3 18. Bg2 Qa5 19. f4 Rfc8 20. e5 d3 21. d6 Qb6+ 22. Qf2 Qb4 23. Rb1 Qa3 24. Rxb7 Rc2 25.
Qd4 Qxa2 26. Bd5 Qa6 27. Rxf7 Kh8 28. d7 Rd8 29. Rxg7 d2 30. Rf7 Qxf1+ 31. Kxf1 Rc1+ 32. Ke2 d1=Q+ 33. Qxd1 Rxd1 34. Kxd1 Kg8 35. e6 Rf8 36. e7 Rb8 37. e8=Q+ Rxe8 38. dxe8=Q# 1-0

[Event "Late-Titled-Tuesday-Blitz-April-16-2024"]
[Site "Chess.com"]
[Date "2024.04.16"]
[Round "3"]
[White "HanSchut"]
[Black "ChessSwole"]
[Result "0-1"]
[WhiteElo "2318"]
[BlackElo "2670"]
[TimeControl "180+1"]
[EndTime "14:27:44 PDT"]
[Termination "ChessSwole won on time"]

1. e4 c6 2. d4 d5 3. e5 Bf5 4.
h4 h5 5. Bg5 Qb6 6. Bd3 Qxd4 7.
Nf3 Qg4 8. Bxf5 Qxf5 9. O-O e6 10. c4 Be7 11. Nc3 Bxg5 12. Nxg5 Ne7 13. cxd5 exd5 14. Re1 Rh6 15. Qb3 b6 16. Rad1 Nd7 17. Qa4 Nc5 18.
Qa3 Ne6 19. Nge4 dxe4 20. Nxe4 Qg4 21. Nd6+ Kf8 22. Rd3 Nf4 23. Rg3 Ne2+ 24. Rxe2 Qxe2 25. Rf3 Rxd6 26. exd6 Qe1+ 27. Kh2 Qe5+ 28. g3 Nd5 29. Qb3 Qxd6 30. Qd3 Kg8 31. Qf5 Qg6 0-1

[Event "Late-Titled-Tuesday-Blitz-April-16-2024"]
[Site "Chess.com"]
[Date "2024.04.16"]
[Round "3"]
[White "Jagerrmeisterr"]
[Black "Sacbutt"]
[Result "1-0"]
[WhiteElo "2726"]
[BlackElo "2329"]
[TimeControl "180+1"]
[EndTime "14:27:45 PDT"]
[Termination "Jagerrmeisterr won by resignation"]

1. e4 d5 2. exd5 Qxd5 3. Nc3 Qd6 4. d4 Nf6 5. Nb5 Qb6 6. c4 c6 7. Nc3 Bf5 8. Nf3 e6 9. Bd3 Bxd3 10. Qxd3 Nbd7 11. O-O Be7 12. Bf4 O-O 13. h3 h6 14.
Rfe1 Rfd8 15. Qe2 Bf8 16. Rad1 c5 17. dxc5 Nxc5 18. Ne5 Rxd1 19. Rxd1 Rd8 20. Rxd8 Qxd8 21. b4 Ncd7 22. c5 Nxe5 23. Bxe5 Nd5 24. Qd3 Be7 25.
Nxd5 Qxd5 26. Qxd5 exd5 27. f4 a5 28. a3 axb4 29. axb4 Kf8 30. Kf2 f6 31. Bc3 g6 32.
Ke3 f5 33. Be5 Kf7 34. Kd4 Ke6 35. b5 g5 36. c6 b6 37. Kd3 Bc5 38. Bg7 gxf4 39.
Bxh6 Be3 40. h4 d4 41. h5 1-0

[Event "Late-Titled-Tuesday-Blitz-April-16-2024"]
[Site "Chess.com"]
[Date "2024.04.16"]
[Round "3"]
[White "watermelonattackk"]
[Black "SpongeBob_03"]
[Result "1-0"]
[WhiteElo "2475"]
[BlackElo "2268"]
[TimeControl "180+1"]
[EndTime "14:27:45 PDT"]
[Termination "watermelonattackk won on time"]

1. d4 d5 2. c4 e6 3. Nf3 a6 4.
Qc2 h6 5. g3 c6 6. Bg2 b5 7. b3 Bb4+ 8. Bd2 Bxd2+ 9. Nbxd2 Nf6 10. O-O O-O 11. Rfd1 Bb7 12. e4 Nbd7 13. cxd5 cxd5 14. e5 Rc8 15. Qd3 Ne4 16. Rac1 Qa5 17.
Ra1 Rc3 18. Qf1 f5 19. exf6 Ndxf6 20. Ne5 Nxd2 21. Rxd2 Rxg3 22. Rc2 Rc3 23. Rac1 Rfc8 24. b4 Qxb4 25. Qe1 Rxc2 26. Qxb4 Rxc1+ 27. Bf1 Ne4 28. Kg2 R8c2 29. Nd3 Bc8 30. Nxc1 Rxc1 31. Bd3 Nf6 32. Qe7 Bd7 33. Bg6 Rc8 34. h3 Rf8 35. f3 Be8 36. Qxe6+ Kh8 37. Bb1 Nh5 38. Qxa6 Nf4+ 39. Kh2 Bd7 40. Qd6 1-0

[Event "Late-Titled-Tuesday-Blitz-April-16-2024"]
[Site "Chess.com"]
[Date "2024.04.16"]
[Round "3"]
[White "Zavgorodniy_Sergiy"]
[Black "ATM622"]
[Result "1-0"]
[WhiteElo "2620"]
[BlackElo "2423"]
[TimeControl "180+1"]
[EndTime "14:27:46 PDT"]
[Termination "Zavgorodniy_Sergiy won by resignation"]

1. d4 Nf6 2. c4 e6 3. Nf3 d5 4. e3 Be7 5. Nbd2 O-O 6. Bd3 dxc4 7.
Nxc4 c5 8. O-O Nc6 9. dxc5 Bxc5 10. a3 a5 11. b3 Qd5 12. Bb2 Rd8 13. Be2 Ne4 14. Qc2 Nf6 15. Rfd1 Qe4 16. Rxd8+ Nxd8 17. Bd3 Qg4 18. Bxf6 gxf6 19. Bxh7+ Kg7 20. Be4 f5 21. Nce5 Qxe4 22. Qxc5 Nc6 23. Nxf7 Qd3 24. N7e5 Qxb3 25. Nxc6 bxc6 26. Qe7+ Kg8 27. Ne5 Qb7 28. Qe8+ Kg7 29. Qg6+ Kf8 30. Rd1 Ra6 31. Rd8+ Ke7 32. Qe8+ Kf6 33.
Qh8+ Ke7 34. Ng6+ Kf7 35. Rf8+ Kxg6 36. Qf6+ Kh5 37. Rh8+ 1-0

[Event "Late-Titled-Tuesday-Blitz-April-16-2024"]
[Site "Chess.com"]
[Date "2024.04.16"]
[Round "3"]
[White "olawsson"]
[Black "DirtyKabab"]
[Result "0-1"]
[WhiteElo "2134"]
[BlackElo "2538"]
[TimeControl "180+1"]
[EndTime "14:27:46 PDT"]
[Termination "DirtyKabab won on time"]

1. d4 Nf6 2. c4 e6 3. Nf3 a6 4.
Nc3 d5 5. cxd5 exd5 6. Bg5 Be6 7.
e3 Nbd7 8. Bd3 Bd6 9. Rc1 O-O 10. O-O Re8 11. Qc2 h6 12. Bf4 Qe7 13. Ne5 c6 14. h3 Rac8 15. Qb1 Bb8 16. b4 b5 17. Nxd7 Nxd7 18. Bxb8 Rxb8 19. Ne2 Rbc8 20. Nf4 Nb6 21. Bh7+ Kh8 22. Bg6 Nc4 23. Nxe6 Nd2 24. Qd3 Nxf1 25. Nf4 Nxe3 26. fxe3 Qxe3+ 27. Qxe3 Rxe3 28. Bxf7 Re4 29. Ng6+ Kh7 30. Bxd5 cxd5 31. Rxc8 Kxg6 32.
Rc6+ Kf5 33. Rxa6 Rxd4 0-1

[Event "Late-Titled-Tuesday-Blitz-April-16-2024"]
[Site "Chess.com"]
[Date "2024.04.16"]
[Round "3"]
[White "IndianSchoolOfSuffering"]
[Black "giovannibrandao7"]
[Result "1-0"]
[WhiteElo "2441"]
[BlackElo "2235"]
[TimeControl "180+1"]
[EndTime "14:27:47 PDT"]
[Termination "IndianSchoolOfSuffering won by resignation"]

1. d4 Nf6 2. Nf3 g6 3. c4 Bg7 4.
Nc3 d5 5. cxd5 Nxd5 6. e4 Nxc3 7. bxc3 c5 8. Be3 Nc6 9. Be2 cxd4 10. cxd4 O-O 11.
O-O b6 12. Rc1 Bb7 13. d5 Ne5 14. Nd4 Rc8 15. Qa4 a6 16. f4 Nd7 17. Nc6 Bxc6 18.
dxc6 Nc5 19. Bxc5 bxc5 20. Qxa6 Bd4+ 21. Kh1 Qd6 22. e5 Qxc6 23. Qxc6 Rxc6 24. Rfd1 Rb6 25. Rb1 Rfb8 26. Rxb6 Rxb6 27. a4 Rb2 28. Bb5 Rb4 29. g3 Bb2 30. Rd8+ Kg7 31. Rd7 c4 32. Rxe7 c3 33.
Rc7 Rd4 34. Kg2 Rd2+ 35. Kf3 c2 36. e6 c1=Q 37. Rxc1 Bxc1 38. e7 1-0

[Event "Late-Titled-Tuesday-Blitz-April-16-2024"]
[Site "Chess.com"]
[Date "2024.04.16"]
[Round "3"]
[White "Mops_2004"]
[Black "kylelancman"]
[Result "1-0"]
[WhiteElo "2814"]
[BlackElo "2487"]
[TimeControl "180+1"]
[EndTime "14:27:49 PDT"]
[Termination "Mops_2004 won by resignation"]

1. g3 c5 2. Bg2 Nc6 3. c4 g6 4. Nc3 Bg7 5. d3 e5 6. Nf3 Nge7 7. Nd2 O-O 8. Nf1 d6 9. Ne3 Be6 10. O-O Qd7 11. a3 Bh3 12. Bxh3 Qxh3 13. Ned5 Nxd5 14.
Nxd5 Qd7 15. Bg5 f6 16. Bd2 Ne7 17. Nxe7+ Qxe7 18. b4 b6 19. e4 f5 20. f3 f4 21. Kg2 g5 22. g4 h5 23. h3 Kf7 24. a4 hxg4 25. hxg4 Rh8 26. a5 Rh6 27. axb6 a6 28. Rh1 Rxh1 29. Qxh1 Rh8 30. Qg1 Qb7 31. bxc5 dxc5 32. Qxc5 Rb8 33. Qc7+ Qxc7 34. bxc7 Rc8 35. Ba5 Bf8 36. Rb1 Bd6 37. Rb6 Ke7 38. Rxa6 Bxc7 39. Ra7 Kd6 40. Rxc7 Rxc7 41. Bxc7+ Kxc7 42. Kf2 Kb6 43. Ke2 Ka5 44. d4 exd4 45. Kd3 1-0

[Event "Late-Titled-Tuesday-Blitz-April-16-2024"]
[Site "Chess.com"]
[Date "2024.04.16"]
[Round "3"]
[White "Szachulec75"]
[Black "Godzillator"]
[Result "0-1"]
[WhiteElo "2095"]
[BlackElo "2377"]
[TimeControl "180+1"]
[EndTime "14:27:49 PDT"]
[Termination "Godzillator won by resignation"]

1. Nf3 b6 2. g3 Bb7 3. Bg2 e6 4.
O-O Be7 5. d3 Nf6 6. e4 d6 7. b3 O-O 8. Bb2 a5 9. a3 Nbd7 10.
Nbd2 Re8 11. h3 Bf8 12. Qe2 g6 13. Nh2 e5 14. Ng4 Bg7 15. Ne3 Nc5 16. f4 exf4 17. gxf4 Ne6 18. f5 Nc5 19. b4 Na4 20. Bd4 c5 21. Bxf6 Bxf6 22. Rae1 Bd4 23. Kh1 Qg5 24. Ng4 Nc3 25. Qf3 Rf8 26. Nb3 axb4 27. Nxd4 cxd4 28. axb4 gxf5 29. Qxf5 Qxf5 30. Rxf5 Kg7 31. Rg5+ Kh8 32. Nf6 Rg8 33. Nxg8 Rxg8 34. Rxg8+ Kxg8 35. Ra1 Kg7 36. Ra7 Bc6 37. Rc7 Ba4 38. Rc4 Bxc2 39. Rxd4 b5 40. Rxd6 Ne2 41. d4 Nf4 42. e5 Bd3 43. Kh2 h5 44. Kg3 Ne2+ 45. Kf2 Nc3 46. d5 Bf5 47. e6 fxe6 48. dxe6 Kf6 49. Rc6 Ne4+ 50. Bxe4 Bxe4 51. Ke3 Bxc6 52. h4 Kxe6 53. Kd4 Kf5 54. Kc5 Be8 55. Kd6 Kg4 0-1

[Event "Late-Titled-Tuesday-Blitz-April-16-2024"]
[Site "Chess.com"]
[Date "2024.04.16"]
[Round "3"]
[White "duone"]
[Black "DonJuanEGenaro"]
[Result "0-1"]
[WhiteElo "2326"]
[BlackElo "1996"]
[TimeControl "180+1"]
[EndTime "14:27:49 PDT"]
[Termination "DonJuanEGenaro won on time"]

1. e4 c5 2. Nf3 Nc6 3. d4 cxd4 4. Nxd4 Nf6 5. Nc3 d6 6. Bg5 Qb6 7. Nb3 e6 8. Qd2 a6 9. O-O-O Bd7 10. Be3 Qc7 11.
f3 b5 12. g4 b4 13. Ne2 Ne5 14. Bg2 Nc4 15. Qd4 Rc8 16. g5 Nxe3 17. c3 Nxd1 18. Rxd1 bxc3 19. gxf6 cxb2+ 20. Kxb2 Qc2+ 21. Ka1 Qxe2 22.
Bf1 Qxh2 23. fxg7 Rg8 24. gxf8=Q+ Kxf8 25. e5 d5 26. Bxa6 Rc2 27. Qb4+ Kg7 28. Qa4 Qxe5+ 29. Qd4 Qxd4+ 30. Nxd4 Rf2 31. Rg1+ Kf8 32. Rh1 Rgg2 33. Bd3 Rxa2+ 34. Kb1 Rgb2+ 35. Kc1 Rd2 36. Bb1 Rab2 37. Nb3 Rf2 38. Nd4 Rbd2 39. Nb3 Rde2 40. Nd4 Re3 41.
Bxh7 Ba4 42. Rg1 e5 43. Nf5 Rc3+ 44. Kb1 Ke8 45. Rg8+ Kd7 46. Rb8 Rcc2 47. Rb7+ Kc6 0-1

[Event "Late-Titled-Tuesday-Blitz-April-16-2024"]
[Site "Chess.com"]
[Date "2024.04.16"]
[Round "3"]
[White "Aygehovit1992"]
[Black "SpeedofLight0"]
[Result "1-0"]
[WhiteElo "2787"]
[BlackElo "3055"]
[TimeControl "180+1"]
[EndTime "14:27:51 PDT"]
[Termination "Aygehovit1992 won by checkmate"]

1. e4 Nc6 2. Nf3 d6 3. d4 Nf6 4. Nc3 g6 5. d5 Nb8 6. Bf4 Bg7 7.
Qd2 Bg4 8. Nd4 c5 9. dxc6 Nxc6 10. Nxc6 bxc6 11. f3 Be6 12. Bh6 Bxh6 13. Qxh6 Qb6 14. O-O-O Rb8 15. b3 Qa5 16. Kb2 g5 17. h4 Rg8 18. hxg5 Rxg5 19. Rxd6 Rg6 20. Qxg6 fxg6 21. Rxe6 Rb4 22. Rxc6 Rb7 23. Bc4 Rc7 24. Rxc7 Qxc7 25.
Rd1 Qe5 26. b4 h5 27. Kb3 h4 28. Nd5 Nxd5 29. Bxd5 Qh2 30. f4 Qxg2 31. e5 Qg3+ 32. Rd3 Qxf4 33. Bc6+ Kf7 34. Rf3 g5 35. Rxf4+ gxf4 36. c4 Ke6 37. c5 Kxe5 38. Bf3 h3 39. c6 Kd6 40. b5 Kc7 41. a4 Kd6 42. Kc4 e5 43.
Kd3 h2 44. Ke4 Ke6 45. a5 Kd6 46. Kf5 e4 47. Bxe4 a6 48. b6 h1=Q 49. Bxh1 f3 50.
Bxf3 Kc5 51. c7 Kb4 52. c8=Q Kxa5 53. b7 Kb6 54. b8=Q+ Ka5 55. Qc3+ Ka4 56. Bc6# 1-0

[Event "Late-Titled-Tuesday-Blitz-April-16-2024"]
[Site "Chess.com"]
[Date "2024.04.16"]
[Round "3"]
[White "cthulhuuu"]
[Black "amanmuhammethommadov"]
[Result "0-1"]
[WhiteElo "2454"]
[BlackElo "2812"]
[TimeControl "180+1"]
[EndTime "14:27:52 PDT"]
[Termination "amanmuhammethommadov won on time"]

1. e4 e5 2. Nf3 Nf6 3. d3 Nc6 4. g3 Bc5 5. Bg2 O-O 6. O-O d6 7. c3 Bb6 8. b4 a5 9. b5 Ne7 10. a4 Ng6 11. Nbd2 c6 12. Nc4 Bc7 13. Re1 Re8 14. d4 exd4 15. Nxd4 c5 16. Nf5 d5 17. b6 Bb8 18. Nce3 dxe4 19. Qxd8 Rxd8 20. Ba3 Ne5 21. Bxc5 Nd3 22. Be7 Re8 23. Bxf6 gxf6 24. Red1 Ra6 25. Rab1 Nc5 26. Ne7+ Kf8 27. Nxc8 Rxc8 28.
Nd5 Be5 29. f4 exf3 30. Bxf3 Nxa4 31. Nc7 Rxb6 32. Rxb6 Nxb6 33. Nb5 Rc5 34. Nc7 Rxc7 0-1

[Event "Late-Titled-Tuesday-Blitz-April-16-2024"]
[Site "Chess.com"]
[Date "2024.04.16"]
[Round "3"]
[White "Smoking_Crow"]
[Black "Caterpiller35"]
[Result "0-1"]
[WhiteElo "2675"]
[BlackElo "2487"]
[TimeControl "180+1"]
[EndTime "14:27:52 PDT"]
[Termination "Caterpiller35 won by resignation"]

1. e4 c5 2. Nf3 Nc6 3. c3 Nf6 4. e5 Nd5 5. d4 cxd4 6. cxd4 d6 7.
Bc4 e6 8. O-O Be7 9. exd6 Qxd6 10. Nc3 Nxc3 11. bxc3 O-O 12. Qe2 b6 13. Bd3 Bb7 14. a4 Rac8 15. Qe4 g6 16. Bh6 Na5 17. Qg4 Rxc3 18. Bxf8 Bxf8 19. Rfd1 Nb3 20. Rab1 Bxf3 21. Qxf3 Qxd4 22. Qe2 Qf6 23. Bb5 Bc5 24. Qb2 Kg7 25.
Bf1 h5 26. Rd3 Rxd3 27. Qxf6+ Kxf6 28. Bxd3 Nd4 29. Kf1 a5 30. Bb5 Nxb5 31. Rxb5 Ke5 32. Ke2 Kd4 33. Kd2 Kc4 34. f3 e5 35. Kc2 f5 36.
Rb1 e4 37. fxe4 fxe4 38. Rd1 e3 39. Rd8 Kb4 40. Re8 Kxa4 41. Re6 b5 42. Rxg6 b4 43. Re6 Kb5 44. h3 a4 45. g4 hxg4 46. hxg4 Kc4 47. g5 b3+ 48. Kb1 a3 49. Re4+ Bd4 50. g6 a2+ 0-1

[Event "Late-Titled-Tuesday-Blitz-April-16-2024"]
[Site "Chess.com"]
[Date "2024.04.16"]
[Round "3"]
[White "NowInChess"]
[Black "Balla_Tamas"]
[Result "0-1"]
[WhiteElo "2255"]
[BlackElo "2545"]
[TimeControl "180+1"]
[EndTime "14:27:53 PDT"]
[Termination "Balla_Tamas won on time"]

1. e4 c5 2. d3 Nc6 3. g3 g6 4. Bg2 Bg7 5. f4 e6 6. Nf3 Nge7 7. O-O O-O 8. c3 d5 9. e5 d4 10. c4 a6 11. Qe2 b5 12. Na3 Rb8 13. Bd2 bxc4 14.
Nxc4 Nb4 15. Bxb4 Rxb4 16. Rac1 Bb7 17. Nd6 Bd5 18. a3 Rb3 19. Rxc5 Qb6 20. Rc2 Rb8 21. Rf2 Nf5 22. Nxf5 gxf5 23. Ng5 Bxg2 24. Kxg2 Qb5 25. Rd2 h6 26. Nf3 Qd5 27. Rc2 a5 28. Rc4 Bf8 29.
h3 Qb7 30. Rc2 Qb5 31. Rc4 Be7 32. Nxd4 Qb7+ 33. Qf3 Rxb2 34. Qxb7 R8xb7 35. Nc6 Bxa3 36. Nxa5 Rxf2+ 37. Kxf2 Rb2+ 38. Kf3 Bb4 39. Rc8+ Kg7 40. Rb8 Rb1 41. Nc6 Rf1+ 42. Ke2 Re1+ 43. Kf3 Bc5 44. Rb2 Re3+ 45. Kg2 Rxd3 46. Nb4 Ra3 47. Nc2 Rc3 48. Ne1 h5 49. Rc2 Re3 0-1

[Event "Late-Titled-Tuesday-Blitz-April-16-2024"]
[Site "Chess.com"]
[Date "2024.04.16"]
[Round "3"]
[White "Msb2"]
[Black "IMRosen"]
[Result "1-0"]
[WhiteElo "3016"]
[BlackElo "2724"]
[TimeControl "180+1"]
[EndTime "14:27:54 PDT"]
[Termination "Msb2 won by checkmate"]

1. d4 d5 2. c4 e6 3. Nc3 Nf6 4. cxd5 exd5 5. Bg5 c6 6. e3 Bd6 7. Bd3 O-O 8. Nf3 h6 9. Bh4 Be6 10. Ne5 c5 11. O-O Nc6 12. Nxc6 bxc6 13. dxc5 Bxc5 14. Rc1 Bd6 15. Na4 Rc8 16. Nc5 Qe7 17. Nxe6 fxe6 18.
Qa4 c5 19. Bb1 c4 20. Qc2 g5 21. Bg3 Bxg3 22. hxg3 Qg7 23. Qd2 Ng4 24. b3 Qf7 25. f3 Ne5 26. Qd4 Qg7 27. Kh1 Rc7 28. e4 Rd8 29. exd5 Rxd5 30. Qe4 c3 31. f4 Ng4 32.
Qxe6+ Qf7 33. Qxg4 Rd2 34. fxg5 Qg7 35. Qe6+ Kh8 36. Qe8+ Qg8 37. Rf8 Rg7 38. Rxg8+ Rxg8 39. Qe5+ Rg7 40. gxh6 Rd6 41. Qxg7# 1-0

[Event "Late-Titled-Tuesday-Blitz-April-16-2024"]
[Site "Chess.com"]
[Date "2024.04.16"]
[Round "3"]
[White "OPQRC"]
[Black "Smiechu"]
[Result "0-1"]
[WhiteElo "2578"]
[BlackElo "2407"]
[TimeControl "180+1"]
[EndTime "14:27:56 PDT"]
[Termination "Smiechu won by resignation"]

1. e4 c5 2. Nf3 g6 3. c3 Bg7 4. d4 cxd4 5. cxd4 d5 6. e5 Nh6 7. h3 O-O 8. Nc3 Bf5 9. Qb3 Nc6 10. Qxb7 Rc8 11. Be2 Be4 12. O-O Bxf3 13. Bxf3 e6 14.
Nb5 Nf5 15. Rd1 Qh4 16. Bg4 Nce7 17. Bf4 g5 18. Bg3 Qh6 19. Nd6 Rb8 20. Qxa7 Rxb2 21.
Bxf5 Nxf5 22. Nxf5 exf5 23. Qa3 Rfb8 24. Qf3 f4 25.
Bh2 Qe6 26. a4 R8b3 27. Qh5 f3 28. g3 Qa6 29. a5 Rxf2 30. Rf1 Rxh2 31. Kxh2 Qe2+ 0-1

[Event "Late-Titled-Tuesday-Blitz-April-16-2024"]
[Site "Chess.com"]
[Date "2024.04.16"]
[Round "3"]
[White "MikeSailer"]
[Black "crazy_but_lazy"]
[Result "0-1"]
[WhiteElo "2162"]
[BlackElo "2541"]
[TimeControl "180+1"]
[EndTime "14:27:57 PDT"]
[Termination "crazy_but_lazy won by checkmate"]

1. d4 d5 2. Nf3 e6 3. Bf4 Nf6 4. e3 Bd6 5. Nbd2 c5 6. c3 O-O 7. Bd3 Qc7 8. Bg3 Nbd7 9. a3 e5 10. dxe5 Nxe5 11. Nxe5 Bxe5 12. Nf3 Bxg3 13. hxg3 h6 14. Bc2 Re8 15. Qd3 b6 16. O-O-O Be6 17. Nh4 b5 18. f3 b4 19. g4 bxa3 20. bxa3 Rab8 21. g5 hxg5 22. Nf5 Bxf5 23. Qxf5 Rxe3 24. Qh3 Kf8 25. Qh8+ Ke7 26. Qxg7 Qf4 27. Rd2 Rxc3 28. Re1+ Re3 29. Rxe3+ Qxe3 30. Kd1 Qg1+ 31. Ke2 Qxg2+ 32. Kd1 Qf1# 0-1

[Event "Late-Titled-Tuesday-Blitz-April-16-2024"]
[Site "Chess.com"]
[Date "2024.04.16"]
[Round "3"]
[White "RichardShtivelband"]
[Black "LuckIsMySkill"]
[Result "0-1"]
[WhiteElo "2365"]
[BlackElo "2673"]
[TimeControl "180+1"]
[EndTime "14:27:57 PDT"]
[Termination "LuckIsMySkill won by resignation"]

1. d4 Nf6 2. c4 e6 3. Nc3 Bb4 4. Qc2 d6 5. a3 Bxc3+ 6. Qxc3 O-O 7. Bg5 h6 8. Bh4 Nbd7 9. f3 e5 10. O-O-O exd4 11. Qxd4 a5 12. e4 Qe7 13. Ne2 Qe5 14. Qd2 Nc5 15. Kb1 Nfxe4 16. Qd4 Qxd4 17. Nxd4 Ng5 18.
Nb5 Bf5+ 19. Ka2 Rfc8 20. Be2 Nge6 21. Rhe1 Bc2 22. Rd2 Bg6 23. Bg3 f6 24. f4 a4 25.
Bf3 Bf7 26. f5 Ng5 27. Bd5 Nge4 28. Rde2 Bxd5 29. cxd5 Nxg3 30. hxg3 Nd3 31. Rd1 Ne5 32. Rc2 Ra5 33. Rxc7 Rxc7 34. Nxc7 Kf7 35. Ne6 g6 36. Nd8+ Ke7 37. fxg6 Nxg6 38. Ne6 Ne5 39. Rc1 Rxd5 40. Nf4 Rc5 41. Rh1 d5 42. Rxh6 d4 43. Rh7+ Kd6 44.
Rxb7 d3 45. Rb6+ Kd7 46. Rxf6 d2 47. Rf5 d1=Q 0-1

[Event "Late-Titled-Tuesday-Blitz-April-16-2024"]
[Site "Chess.com"]
[Date "2024.04.16"]
[Round "3"]
[White "Charodej1"]
[Black "Caracal3000"]
[Result "0-1"]
[WhiteElo "2298"]
[BlackElo "2499"]
[TimeControl "180+1"]
[EndTime "14:27:57 PDT"]
[Termination "Caracal3000 won by resignation"]

1. d4 d5 2. Nf3 e6 3. c4 c6 4. Nc3 dxc4 5. a4 Bb4 6. e4 b5 7. Bd2 a5 8. b3 Bxc3 9. Bxc3 b4 10.
Bd2 c3 11. Bg5 Ne7 12. h4 O-O 13. h5 h6 14. Be3 Ba6 15. Bxa6 Nxa6 16. Qe2 c5 17. g4 cxd4 18. Bxd4 Nc6 19. Be3 f6 20. Qc4 Qc8 21. Rd1 Ne5 22. Nxe5 fxe5 23. Qe2 Nc5 24. Bxc5 Qxc5 25. O-O Rf4 26. Kg2 Raf8 27. f3 Qc6 28.
Rd3 R4f7 29. Rfd1 c2 30. Rc1 Rc8 31. Rd2 Rfc7 32. Qb5 Qxb5 33. axb5 a4 34. bxa4 b3 35. b6 Rb7 36. a5 b2 37. Rcxc2 Rxc2 38. Rxc2 b1=Q 0-1

[Event "Late-Titled-Tuesday-Blitz-April-16-2024"]
[Site "Chess.com"]
[Date "2024.04.16"]
[Round "3"]
[White "2L8IWUN"]
[Black "hristos03"]
[Result "0-1"]
[WhiteElo "2066"]
[BlackElo "2353"]
[TimeControl "180+1"]
[EndTime "14:27:57 PDT"]
[Termination "hristos03 won by resignation"]

1. d4 Nf6 2. Nf3 e6 3. Bf4 c5 4.
e3 Qb6 5. Nc3 Be7 6. a3 O-O 7.
Be2 cxd4 8. exd4 a6 9. O-O d6 10. h3 Nc6 11. Rb1 Bd7 12. d5 exd5 13. Nxd5 Nxd5 14. Qxd5 Be6 15. Qd2 Rad8 16. Rfd1 Rfe8 17. Nd4 Nxd4 18. Qxd4 Qc7 19. c4 Bf6 20. Qd3 Qa5 21. b4 Qf5 22. Qxf5 Bxf5 23. Bd3 Bxd3 24. Rxd3 Re4 25.
Bxd6 Rxc4 26. Rbd1 h6 27. Bg3 Rxd3 28. Rxd3 Rc1+ 29.
Kh2 Rc3 30. Rxc3 Bxc3 31. Bd6 b5 32. Kg3 Bb2 33. Kf3 Bxa3 34. Ke4 a5 35. Kd5 Bxb4 36.
Bc7 a4 37. Kc6 Bc3 38. Bd6 b4 39. Kb5 a3 40. Ka4 a2 0-1

[Event "Late-Titled-Tuesday-Blitz-April-16-2024"]
[Site "Chess.com"]
[Date "2024.04.16"]
[Round "3"]
[White "dretch"]
[Black "JoakimVonAnd"]
[Result "1-0"]
[WhiteElo "2916"]
[BlackElo "2689"]
[TimeControl "180+1"]
[EndTime "14:27:59 PDT"]
[Termination "dretch won by checkmate"]

1. d4 d5 2. c4 e6 3. Nc3 Nf6 4. cxd5 exd5 5. Bg5 c6 6. e3 h6 7. Bh4 Be7 8. Qc2 O-O 9. Bd3 Re8 10. Nf3 Ne4 11. Bxe7 Qxe7 12. O-O Bf5 13. Rfe1 Nd7 14. Nd2 Nxd2 15. Bxf5 Nc4 16. Bd3 Nd6 17. Rad1 Nf6 18. f3 Nh5 19. Qf2 Qg5 20. h4 Qe7 21.
g4 Nf6 22. Qg3 g6 23. Kg2 Kg7 24. e4 dxe4 25. fxe4 Nh7 26. e5 Nc8 27. d5 cxd5 28. Bb5 Rd8 29. Nxd5 Qc5 30. Nc3 Ne7 31. e6 fxe6 32.
Rxd8 Rxd8 33. Rxe6 Rd2+ 34. Kh3 Nf6 35. Rxf6 Nf5 36.
gxf5 Kxf6 37. Qxg6+ Ke5 38. Qe6+ Kf4 39. Qe4# 1-0

[Event "Late-Titled-Tuesday-Blitz-April-16-2024"]
[Site "Chess.com"]
[Date "2024.04.16"]
[Round "3"]
[White "ACollins05"]
[Black "GrigorGrigorov"]
[Result "0-1"]
[WhiteElo "2510"]
[BlackElo "2912"]
[TimeControl "180+1"]
[EndTime "14:28:00 PDT"]
[Termination "GrigorGrigorov won by checkmate"]

1. Nf3 Nf6 2. e3 b6 3. b3 Bb7 4. Be2 e6 5. Bb2 g6 6. O-O Bg7 7. d4 O-O 8. c4 c5 9. Nc3 d5 10.
dxc5 bxc5 11. cxd5 exd5 12. Rc1 Nbd7 13. Na4 Rc8 14.
Ba3 Ne4 15. Nd2 Qe7 16. Nxe4 dxe4 17. Qd2 Rfd8 18. Qa5 Ne5 19. Nxc5 Nf3+ 20. Bxf3 exf3 21. Nxb7 Qxb7 22. Rxc8 Rxc8 23. Rd1 h5 24. gxf3 Qxf3 25. Rd8+ Rxd8 26. Qxd8+ Kh7 27. Qd2 h4 28. h3 Qxh3 29. Qd5 Qg4+ 30. Qg2 Qf5 31. Be7 h3 32. Qg5 Qb1+ 33.
Kh2 Qxa2 34. Qh4+ Kg8 35. Bb4 Be5+ 36. Kxh3 Qxb3 37. Qe7 Qd5 38. Qe8+ Kh7 39. e4 Qd3+ 40. Kh4 Qxe4+ 41. Kh3 Qf3+ 42. Kh4 Bf6# 0-1

[Event "Late-Titled-Tuesday-Blitz-April-16-2024"]
[Site "Chess.com"]
[Date "2024.04.16"]
[Round "3"]
[White "Brown_Mamba24"]
[Black "ccccvhhhj"]
[Result "1-0"]
[WhiteElo "2639"]
[BlackElo "2433"]
[TimeControl "180+1"]
[EndTime "14:28:02 PDT"]
[Termination "Brown_Mamba24 won on time"]

1. d4 e5 2. dxe5 d6 3. Nf3 Bg4 4. Bg5 Qd7 5. exd6 Bxd6 6. Nc3 Nc6 7. e3 f6 8. Bh4 O-O-O 9. Bb5 Nge7 10. h3 Bh5 11. g4 Bg6 12. Qe2 Bb4 13. a3 Bxc3+ 14. bxc3 Qd5 15. Bc4 Qc5 16. Nd4 Ne5 17. Be6+ Kb8 18. O-O h5 19. g5 fxg5 20. Bxg5 Rde8 21.
f4 Nf7 22. Bh4 Nd5 23. Qg2 Nxe3 24. Qxg6 Nxf1 25. Rxf1 Qxc3 26. Bf2 Nd6 27. Bd5 Rhf8 28. Rb1 a6 29. Nc6+ Ka8 30. Ne5 Rxe5 31. fxe5 Qxe5 32. Bxb7+ Kb8 33. Bxa6+ Ka8 34. Qg2+ Ne4 35. Bb7+ Kb8 36. Bxe4+ Kc8 37. Bb7+ Kd8 38. Rd1+ Ke7 39. Re1 Qxe1+ 40. Bxe1 1-0